Map: Bridgehead LE (Void)

Players

Parrek - Winner!

  • Race: Terran Terran
  • League: Silver

Javert

  • Race: Zerg Zerg
  • League: Gold

VOD

Have the link to the VOD?

Description

Time

  • Played on: Sept. 15, 2015, 12:49 a.m.
  • Length: 12:02
Show
View Real Time Build Order
Export as new Build Order

Parrek Terran - Winner!

Build Orders: Command Center First (CC), Mech, Banshee Rush 

Get SALT Encoding   

  12  0:01  SCV  
  13  0:13  SCV  
  14  0:18  Supply Depot  
  14  0:25  SCV  
  15  0:39  SCV  
  16  0:57  Command Center  
  16  1:00  SCV  
  17  1:12  Barracks  
  17  1:15  SCV  
  18  1:27  SCV  
  19  1:36  Refinery  
  19  1:37  Refinery  
  19  1:39  SCV  
  20  1:40  Supply Depot  
  20  1:51  SCV  
  22  2:10  Orbital Command  
  22  2:11  Orbital Command  
  22  2:12  Marine  
  22  2:22  Factory  
  22  2:29  Marine  
  22  2:37  SCV x2  
  25  2:47  Marine  
  25  2:49  SCV x2  
  28  3:01  SCV x2  
  30  3:07  Starport  
  30  3:11  Marine  
  31  3:13  SCV x2, Factory Tech Lab  
  33  3:27  SCV x2  
  33  3:28  Marine  
  36  3:35  Supply Depot  
  36  3:39  SCV x2  
  38  3:43  Command Center, Factory Reactor  
  38  3:50  Marine  
  38  3:52  Banshee  
  38  3:53  Cloaking Field  
  38  3:55  SCV x2  
  44  4:01  Refinery  
  44  4:06  Refinery  
  44  4:07  SCV x2  
  45  4:10  Marine  
  46  4:19  SCV x2  
  46  4:22  Supply Depot  
  52  4:24  Hellion x2  
  52  4:32  SCV x2, Factory  
  54  4:43  Banshee  
  54  4:45  SCV x2, Hellion  
  61  4:46  Supply Depot  
  61  4:48  Supply Depot  
  61  4:51  Hellion  
  61  4:52  Marine  
  63  4:56  Orbital Command  
  63  4:58  SCV x2  
  66  5:04  Armory  
  66  5:07  Hellion  
  68  5:12  Hellion  
  70  5:15  SCV x2  
  70  5:16  Factory Tech Lab  
  72  5:23  Supply Depot  
  72  5:26  Banshee  
  72  5:27  SCV  
  72  5:28  Hellion  
  78  5:33  Hellion  
  78  5:35  Orbital Command  
  80  5:41  Supply Depot  
  80  5:43  Supply Depot  
  80  5:52  Infernal Pre-Igniter  
  80  5:53  Factory  
  80  5:55  Hellion x2  
  84  6:00  SCV  
  85  6:10  SCV  
  86  6:16  SCV  
  86  6:17  Marine  
  86  6:23  SCV  
  86  6:25  Hellion x2  
  87  6:26  Siege Tank  
  85  6:35  SCV  
  85  6:37  Terran Vehicle Weapons Level 1  
  83  6:40  SCV x2  
  83  6:41  Factory  
  85  6:47  SCV, Widow Mine x2  
  85  6:52  SCV  
  85  6:53  SCV  
  88  6:59  SCV  
  88  7:00  Engineering Bay  
  95  7:01  Supply Depot, Factory Reactor  
  95  7:04  Thor  
  95  7:07  SCV x2  
  97  7:11  SCV  
  97  7:13  Factory  
  97  7:14  Factory  
  98  7:15  Marine  
  98  7:16  Command Center  
  98  7:19  SCV  
  100  7:26  SCV  
  100  7:27  SCV  
  100  7:29  Banshee  
  102  7:32  Hellion  
  102  7:33  Hellion  
  102  7:35  Factory Tech Lab  
  109  7:44  Refinery  
  109  7:46  Thor, Refinery  
  109  7:49  Missile Turret  
  109  7:50  Missile Turret  
  109  7:51  Missile Turret  
  114  7:53  SCV x2  
  114  7:56  Hellion x2  
  114  7:57  Thor, Hellion x2  
  127  8:00  SCV  
  128  8:05  SCV  
  128  8:09  Missile Turret  
  128  8:11  Missile Turret  
  128  8:12  Missile Turret  
  127  8:17  SCV  
  127  8:19  SCV x2  
  125  8:21  Marine  
  125  8:23  Widow Mine x3  
  127  8:29  Thor, SCV  
  127  8:31  SCV  
  132  8:36  Hellion  
  132  8:40  Hellion  
  128  8:44  SCV  
  121  8:50  SCV  
  121  8:52  Widow Mine  
  114  8:57  SCV  
  114  9:00  SCV  
  106  9:03  Widow Mine x3  
  104  9:10  SCV x2  
  102  9:19  Factory Tech Lab  
  102  9:21  Orbital Command  
  102  9:26  Factory Tech Lab  
  102  9:27  Missile Turret  
  102  9:28  Missile Turret  
  102  9:29  Missile Turret  
  96  9:32  Thor  
  96  9:33  Widow Mine x4  
  108  9:56  SCV  
  107  10:01  Widow Mine x2  
  107  10:03  Command Center  
  107  10:04  Hellion x2  
  107  10:05  Command Center  
  113  10:15  Hellion  
  115  10:24  Widow Mine  
  115  10:26  Command Center  
  114  10:45  Thor  
  114  10:46  Thor x2  
  132  10:55  Command Center  
  132  10:56  Widow Mine x2  
  132  11:03  Widow Mine  
  133  11:04  Widow Mine  
  116  11:25  Widow Mine x2  
  118  11:26  Orbital Command  
  132  11:35  Orbital Command  
Show
View Real Time Build Order
Export as new Build Order

Javert Zerg 

Build Orders: Hatch First 

Get SALT Encoding   

  12  0:01  Drone  
  13  0:13  Overlord  
  14  0:21  Drone  
  14  0:32  Drone x2  
  16  0:36  Drone  
  17  0:48  Drone  
  18  0:59  Hatchery, Drone  
  18  1:02  Extractor  
  17  1:08  Drone  
  18  1:20  Spawning Pool  
  17  1:30  Drone  
  17  1:31  Drone  
  19  1:41  Drone  
  20  1:51  Overlord  
  20  2:01  Drone  
  20  2:07  Metabolic Boost  
  21  2:12  Queen x2  
  21  2:15  Zergling x4  
  27  2:23  Drone x2  
  29  2:36  Drone x2  
  31  2:45  Drone x2  
  33  3:03  Queen  
  35  3:07  Hatchery  
  34  3:14  Drone  
  34  3:15  Drone  
  34  3:17  Overlord  
  36  3:26  Overlord x2  
  36  3:38  Drone x4, Roach Warren  
  36  3:39  Drone x2  
  41  3:49  Drone x3  
  44  4:00  Drone x4  
  44  4:01  Drone x2  
  50  4:14  Overlord  
  50  4:17  Extractor  
  50  4:18  Lair, Extractor  
  50  4:21  Extractor  
  47  4:26  Drone x3  
  47  4:27  Drone x6  
  47  4:28  Drone  
  57  4:39  Drone x3  
  60  4:51  Spore Crawler  
  59  4:53  Spore Crawler  
  59  4:55  Spore Crawler  
  59  4:58  Spore Crawler  
  56  5:00  Spore Crawler  
  56  5:02  Spore Crawler, Overlord  
  56  5:03  Overlord  
  54  5:11  Spore Crawler  
  54  5:12  Spine Crawler  
  54  5:13  Extractor  
  51  5:24  Spire  
  51  5:26  Drone x3  
  51  5:27  Drone x3  
  56  5:32  Evolution Chamber, Drone  
  56  5:33  Drone x4  
  56  5:34  Evolution Chamber  
  59  5:39  Extractor  
  59  5:42  Queen  
  58  5:58  Overlord x2  
  58  6:01  Roach x5  
  58  6:31  Drone  
  58  6:32  Drone x7  
  59  6:33  Drone x6  
  59  6:34  Drone  
  59  6:39  Drone x4  
  68  7:07  Queen  
  70  7:09  Mutalisk x5  
  70  7:10  Mutalisk x2  
  70  7:13  Mutalisk  
  86  7:21  Glial Reconstitution  
  86  7:25  Zerg Missile Weapons Level 1, Zerg Ground Armor Level 1  
  84  7:38  Mutalisk x4  
  84  7:39  Mutalisk  
  84  7:43  Overlord x2  
  94  7:58  Mutalisk x5  
  88  8:04  Overseer  
  94  8:33  Mutalisk x3  
  63  8:53  Drone x4  
  60  9:04  Drone x2  
  60  9:05  Drone x17  
  76  9:24  Roach  
  76  9:25  Roach x5  
  88  9:34  Roach  
  90  9:53  Roach x6  
  92  10:24  Overlord  
  92  10:25  Drone x6  
  92  10:26  Drone x2  
  100  10:33  Drone x2  
  100  10:34  Drone  
  103  10:48  Mutalisk x3  
  103  10:49  Hatchery  
  102  11:10  Mutalisk  
  102  11:11  Mutalisk x2  
  90  11:28  Drone x11  
  90  11:29  Drone x2  
  102  11:48  Spine Crawler  
Tags
 
Add a new tag
Caveats
  • Supply blocks, unpowered buildings, or Contaminate may cause inaccurate times.
  • Supply counts are checked every 10 seconds.